 Dungeon Crawl Stone Soup version 0.29-a0-839-g4793fd635e (webtiles) character file.

Game seed: 12858897044562387864

58 BlueGoblin the Trooper (level 3, 0/45 HPs)
             Began as a Demonspawn Abyssal Knight on July 14, 2022.
             Was a Priest of Lugonu.
             Succumbed to Sigmund's poison
             ... on level 2 of the Dungeon.
             The game lasted 00:05:54 (2612 turns).

BlueGoblin the Trooper (Demonspawn Abyssal Knight)  Turns: 2612, Time: 00:05:55

Health: 0/45       AC: 21    Str: 13    XL:     3   Next: 75%
Magic:  4/4        EV:  2    Int: 11    God:    Lugonu [***...]
Gold:   67         SH:  0    Dex: 17    Spells: 2/2 levels left

rFire   . . .      SeeInvis .   a - +2 falchion
rCold   . . .      Faith    .   (no shield)
rNeg    . . .      Spirit   .   (body armour currently unavailable)
rPois   +          Reflect  .   (helmet currently unavailable)
rElec   .          Harm     .   (cloak currently unavailable)
rCorr   .          Rampage  .   (gloves currently unavailable)
Will    .....      NoTele   +   (boots currently unavailable)
Stlth   +++.......              (no amulet)
HPRegen 0.15/turn               (no ring)
MPRegen 0.09/turn               (no ring)

@: brilliant, lethally poisoned (0 -> -19), tree-form, hasted, invisible, very
quick
A: stationary, stasis, torment immunity, boosted hp, thin skeletal structure 1,
ignite blood 1
a: Renounce Religion, Depart the Abyss, Bend Space, Banish


You were on level 2 of the Dungeon.
You worshipped Lugonu.
Lugonu was most pleased with you.
You were a tree.
You visited 1 branch of the dungeon, and saw 3 of its levels.
You visited the Abyss 1 time.

You collected 67 gold pieces.

Inventory:

Hand Weapons
 a - a +2 falchion (weapon)
Missiles
 g - 3 atropa-tipped darts
Armour
 b - a +0 leather armour
 j - a +0 ring mail (melded)
 l - a +0 pair of boots (melded)
Jewellery
 e - a ring of protection from fire
 f - a ring of wizardry
Potions
 d - a potion of brilliance
 k - a potion of lignification
 o - a potion of haste


   Skills:
 + Level 3.7 Fighting
 * Level 2.7 Long Blades
 + Level 2.1 Armour
 + Level 1.1 Dodging
 + Level 2.6 Invocations


You had 2 spell levels left.
You didn't know any spells.
Your spell library was empty.

Dungeon Overview and Level Annotations

Branches:
Dungeon (3/15)

Altars:

Annotations:
D:2 Sigmund


Innate Abilities, Weirdness & Mutations

You are a tree.
Your roots penetrate the ground, keeping you stationary.
You cannot be teleported.
You are immune to unholy pain and torment.
Your maximum health is greatly increased.
Your equipment is partially melded.
You have a somewhat thin skeletal structure. (Dex +2, Stealth+)
Your demonic aura sometimes causes spilled blood to erupt in flames.


Message History

You feel very sick. Something hits you.
* * * LOW HITPOINT WARNING * * *
You barely miss something.
* * * LOW HITPOINT WARNING * * *
You feel very sick.
You hear some strange, mumbled words.
A magic dart appears from out of thin air!
The magic dart hits you but does no damage.
You attack the rock wall.
You feel less confused.
* * * LOW HITPOINT WARNING * * *
You feel sick. Something hits you but does no damage.
It was a potion of brilliance.
You feel clever all of a sudden.
* * * LOW HITPOINT WARNING * * *
You feel sick.
You hear some strange, mumbled words.
Something tries to affect you, but you resist.
It was a potion of curing.
You feel better. Something hits you.
* * * LOW HITPOINT WARNING * * *
It was a potion of haste.
You feel yourself speed up.
It was a potion of invisibility.
You fade into invisibility!
Something hits you but does no damage.
It was a potion of flight.
Your roots keep you in place.
Okay, then.
You feel better. Something hits you.
* * * LOW HITPOINT WARNING * * *
You are lethally poisoned!
Okay, then.
You completely miss something.
* * * LOW HITPOINT WARNING * * *
You feel sick.
You slash something!
* * * LOW HITPOINT WARNING * * *
You feel sick. Something hits you but does no damage.
You are more poisoned.
You hit something.
You die...

.#.#.# #...##.....#..#..#'
##.#.##########...##.###.#..#..#.
#>..........##...##.# #.#..#..#.
#.#.#....##.##...##.# #.#..#..#.
#.#.#....##.#######.###.#..#..#.
#...............................
###.#....##..######..##.#..#..#.
#.#....###.######..##.#..#..#.
####.#....# #..{♣.....##.#..####.
#......#### #..................#.
#......# ##.(......#####.##...
#......# #........#.....##...
#......# #........#.######...
####'####### #........#.#...(#...
...........# #........#.#.##.#.#'
...........#####..##..#.#....#.#.
..........................#..#.#.


There were no monsters in sight!

Vanquished Creatures
  2 adders (D:2)
  5 ball pythons
  6 endoplasms
  A giant cockroach (D:1)
  4 goblins (D:1)
  6 hobgoblins
  4 bats
  3 frilled lizards
  2 kobolds (D:1)
  4 rats
37 creatures vanquished.

Notes
Turn   | Place    | Note
-------+----------+-------------------------------------------
     0 | Abyss:1  | BlueGoblin the Demonspawn Abyssal Knight began the quest
                  | for the Orb.
     0 | Abyss:1  | Reached XP level 1. HP: 18/18 MP: 2/2
     1 | D:1      | Escaped the Abyss
    74 | D:1      | Reached skill level 1 in Dodging
   271 | D:1      | Gained mutation: Your demonic aura sometimes causes spilled
                  | blood to erupt in flames. [demonic ancestry]
   271 | D:1      | Reached XP level 2. HP: 20/24 MP: 3/3
  1563 | D:2      | Gained mutation: You have a somewhat thin skeletal
                  | structure. (Dex +2, Stealth+) [demonic ancestry]
  1563 | D:2      | Reached XP level 3. HP: 29/29 MP: 4/4
  1592 | D:2      | Reached *** piety under Lugonu
  2003 | D:2      | Noticed Sigmund
  2612 | D:2      | Succumbed to Sigmund's poison

Illustrated notes

Levels and vault maps discovered:
D:1:      mrwooster_arrival_arrow, layout_loops_ring, roderic_serpentine_path
D:2:      layout_basic, uniq_sigmund
D:3:      layout_basic, chequers_ecumenical_altar_simple

Skill      XL: |  1  2 |
---------------+-------+-----
Dodging        | 1 |  1.1
Armour         | 2 |  2.1
Long Blades    | 2 |  2.7
Fighting       | |  3.7
Invocations    | |  2.6

Action                   || total
-------------------------++-------
Melee: Falchion          ||    95
Throw: Dart              ||     1
  Use: Scroll            ||     7
       Potion            ||     7
 Stab: Sleeping          ||     4
Armor: Leather armour    ||    11
       Ring mail         ||     9
       Skin              ||     6
Dodge: Dodged            ||    44

Table legend: (Time is in decaauts)
 A = Elapsed time spent in this place.
 B = Non-inter-level travel time spent in this place.
 C = Inter-level travel time spent in this place.
 D = Time resting spent in this place.
 E = Time spent auto-exploring this place.
 F = Levels seen in this place.
 G = Mean time per level.
                   A        B        C        D        E       F      G
               +--------+--------+--------+--------+--------+-----+--------+
         Total |   2628 |   2450 |    178 |    273 |   1851 |   4 |  657.0 |
       Dungeon |   2627 |   2449 |    178 |    273 |   1851 |   3 |  875.7 |
         Abyss |      1 |      1 |      0 |      0 |      0 |   1 |    1.0 |
               +--------+--------+--------+--------+--------+-----+--------+

Top non-repeatable levels by time:
     D:1: 1458 daAuts
     D:2: 1069 daAuts
     D:3: 99 daAuts
 Abyss:1: 1 daAuts
